 Dungeon Crawl Stone Soup version 0.20-a0-350-ga83eecc (webtiles) character file.

8843 recordrepeat the Cleaver (level 11, -2/94 HPs)
             Began as a Hill Orc Fighter on Dec 23, 2016.
             Was an Elder of Beogh.
             Slain by a two-headed ogre
             ... wielding a +0 giant spiked club
              (14 damage)
             ... on level 11 of the Dungeon.
             The game lasted 00:43:00 (9469 turns).

recordrepeat the Cleaver (Hill Orc Fighter)         Turns: 9469, Time: 00:43:01

Health: -2/94      AC: 23    Str: 27    XL:     11   Next: 37%
Magic:  11/11      EV:  8    Int:  8    God:    Beogh [****..]
Gold:   586        SH: 15    Dex: 12    Spells: 10/10 levels left

rFire  . . .     SeeInvis .     e - +3 mace
rCold  . . .     Gourm    .     b - +0 plate armour
rNeg   . . .     Faith    .     c - +0 shield
rPois  .         Spirit   .     (helmet restricted)
rElec  .         Reflect  +     M - +0 cloak
rCorr  .         Harm     .     m - +0 pair of gloves
MR     .....                    H - +0 pair of boots
Stlth  ..........               N - +3 amulet of reflection
                                s - +4 ring of strength
                                Q - +6 ring of protection

@: no status effects
A: claws 1, horns 1, strong 1, sturdy frame 1
a: Smiting, Recall Orcish Followers, Renounce Religion


You were on level 11 of the Dungeon.
You worshipped Beogh.
Beogh was greatly pleased with you.
You were not hungry.

You visited 1 branch of the dungeon, and saw 11 of its levels.

You collected 586 gold pieces.

Inventory:

Hand Weapons
 a - a +0 war axe
 e - a +3 mace (weapon)
Armour
 b - a +0 plate armour (worn)
 c - a +0 shield (worn)
 m - a +0 pair of gloves (worn)
 q - a +0 helmet
 H - a +0 pair of boots (worn)
 M - a +0 cloak (worn)
Jewellery
 s - a +4 ring of strength (right hand)
 N - a +3 amulet of reflection (around neck)
 Q - a +6 ring of protection (left hand)
 S - an uncursed ring of protection from magic
Wands
 i - a wand of iceblast (10/15)
 o - a wand of slowing (1/48)
 z - a wand of disintegration (11/24)
 G - a wand of paralysis (14/24)
 L - a wand of slowing (34/48)
Scrolls
 j - 2 scrolls of blinking {unknown}
 k - a scroll of immolation {unknown}
 u - 3 scrolls of teleportation {unknown}
 w - 5 scrolls of remove curse
 y - a scroll of enchant weapon {unknown}
 A - 3 scrolls of recharging {unknown}
 C - 3 scrolls of fog {unknown}
 D - a scroll of fear {unknown}
 I - a scroll of holy word {unknown}
 J - a scroll of vulnerability {unknown}
 K - a scroll of enchant armour {unknown}
 U - a scroll of acquirement {unknown}
Potions
 d - a potion of curing
 g - a potion of cure mutation
 l - a potion of heal wounds
 n - 2 potions of haste
 p - 3 potions of ambrosia
 r - 2 potions of magic
 t - 2 potions of lignification
 v - a potion of invisibility
 B - a potion of agility
 E - a potion of might
 F - 2 potions of flight
 T - a potion of berserk rage {unknown}
Books
 O - a book of Clouds

   Spells                             Type                      Level
   a - Mephitic Cloud                 Conjuration/Poison/Air       3
   b - Conjure Flame                  Conjuration/Fire             3
   c - Poisonous Cloud                Conjuration/Poison/Air       5
   d - Freezing Cloud                 Conjuration/Ice/Air          6
   e - Ring of Flames                 Charms/Fire                  7
Comestibles
 f - 10 bread rations
 h - 2 beef jerkies
 x - 7 meat rations
 P - 6 chunks of flesh
 R - 3 fruits


   Skills:
 + Level 7.9 Fighting
 + Level 11.9(13.2) Axes
 + Level 8.1(10.4) Maces & Flails
 + Level 8.1 Armour
 + Level 2.4 Dodging
 + Level 1.3 Stealth
 + Level 9.7 Shields
 + Level 0.8 Evocations


You had 10 spell levels left.
You didn't know any spells.

Dungeon Overview and Level Annotations

Branches:
Dungeon (11/15)            Temple (0/1) D:7            Lair (0/6) D:10
    Orc (0/2) D:10

Altars:
Ashenzari
Cheibriados
Dithmenos
Kikubaaqudgha
Makhleb
Nemelex Xobeh
Qazlal
Ru
Sif Muna
Uskayaw

Shops:
D:11 =(


Innate Abilities, Weirdness & Mutations

You have sharp fingernails.
You have a pair of small horns on your head.
Your muscles are strong. (Str +2)
Your movements are slightly less encumbered by armour. (ER -2)


Message History

You feel sick.
You feel sick.
You feel sick.
You feel sick.
You feel sick.
You feel sick.
You feel sick.
You feel sick.
A two-headed ogre comes into view. It is wielding two giant spiked clubs.
You feel sick.
The two-headed ogre shouts in stereo!
You feel better.
A jelly comes into view.
The jelly quivers.
You block the two-headed ogre's attack.
The two-headed ogre hits you but does no damage.
You hit the two-headed ogre. You headbutt the two-headed ogre.
The two-headed ogre is lightly wounded.
The two-headed ogre hits you with a giant spiked club!
You die...

....†....O.............. #.#
###..###########.#####.##.# #.#
#..## ##### #.# #.##.# #.#
##...####...# #O# #.##.# #.#
#.......#...# #.# #....#####..
#..#..#.#...# #.# #..........∩
#[.##.#.#...# #o# #...........
#..##...#...###.#####.#.........
.[.#.........).@o...............
##.###...#...###O#####.#.#.######
.. #...#...# #J# #.#.#'### ##
#...#...# #.# ##.#.+∩+.####
#.#.##### #.# #....#'#....# .....
... #..#).......# ##.##. #.#
#..#........# #.# #..#........#
#.o#.........


You could see 2 two-headed ogres, a jelly, a friendly orc knight and a friendly
orc wizard.

Vanquished Creatures
  Erolcha (D:9)
  The ghost of
  100101001 the Cleaver, a novice DsBe of Trog (D:10)
  A two-headed ogre (D:9)
  A gargoyle (D:8)
  The ghost of aTarkinC the Firebug, a novice TeFE (D:5)
  3 trolls (D:11)
  A hornet (D:10)
  Grinder (D:6)
  Sigmund (D:2)
  Eustachio (D:6)
  A hungry ghost (D:7)
  4 yaks (D:10)
  Edmund (D:4)
  2 hell hounds (D:10)
  4 sky beasts
  2 phantoms
  2 ogres (D:9)
  3 centaurs
  A big kobold (D:7)
  4 bullfrogs
  A killer bee (D:7)
  2 scorpions
  8 wights
  2 electric eels (D:7)
  3 howler monkeys
  3 crimson imps
  4 orc priests
  2 centaur skeletons
  10 hounds
  A jelly (D:9)
  Crazy Yiuf (D:6)
  7 orc wizards
  A bullfrog skeleton (D:5)
  Ijyb (D:3)
  Natasha (thrice) (D:4)
  3 worker ants
  3 hound skeletons
  Robin (D:2)
  A worker ant zombie (D:11)
  2 gnolls (D:7)
  12 adders
  2 oozes
  An adder skeleton (D:9)
  An adder zombie (D:6)
  A worm (D:2)
  2 dart slugs
  3 leopard geckos
  18 orcs
  2 ball pythons
  3 giant cockroaches
  18 goblins
  14 hobgoblins
  15 jackals
  12 kobolds
  4 quokkas
  8 bats
  8 frilled lizards
  A giant cockroach zombie (D:6)
  11 rats
231 creatures vanquished.

Vanquished Creatures (collateral kills)
  An ugly thing (D:11)
  A hippogriff (D:10)
  A wyvern (D:10)
  A yak (D:10)
  A wraith (D:10)
  A phantom (D:11)
  A crocodile (D:10)
  A scorpion (D:10)
  A hound (D:10)
  A jelly (D:10)
  A bullfrog zombie (D:10)
  An iguana (D:11)
  2 worker ants
  2 adders
  A shadow imp (D:10)
  An orc (D:10)
  2 jackals (D:10)
20 creatures vanquished.

Vanquished Creatures (others)
  An orc wizard (D:11)
  A centaur (D:10)
  2 orc priests
  A gnoll (D:7)
  An adder (D:7)
  6 orcs
  A giant cockroach (D:7)
  A goblin (D:3)
  A kobold (D:7)
15 creatures vanquished.

Grand Total: 266 creatures vanquished

Notes
Turn   | Place    | Note
-------+----------+-------------------------------------------
     0 | D:1      | recordrepeat the Hill Orc Fighter began the quest for the Orb.
     0 | D:1      | Reached XP level 1. HP: 19/19 MP: 1/1
    84 | D:1      | Reached XP level 2. HP: 27/27 MP: 2/2
   245 | D:1      | Reached skill level 3 in Axes
   372 | D:1      | Reached XP level 3. HP: 31/33 MP: 3/3
   894 | D:2      | Noticed Robin
   926 | D:2      | Killed Robin
   926 | D:2      | Reached XP level 4. HP: 22/41 MP: 4/4
  1038 | D:2      | Noticed Sigmund
  1048 | D:2      | Killed Sigmund
  1048 | D:2      | Reached skill level 5 in Axes
  1048 | D:2      | Reached XP level 5. HP: 15/47 MP: 5/5
  1279 | D:2      | Reached XP level 6. HP: 40/53 MP: 6/6
  2214 | D:3      | Noticed Ijyb
  2221 | D:3      | Killed Ijyb
  2233 | D:3      | Became a worshipper of Beogh the Brigand
  2327 | D:3      | Reached skill level 6 in Axes
  2447 | D:3      | Reached skill level 1 in Dodging
  2454 | D:3      | Reached skill level 5 in Fighting
  2454 | D:3      | Reached XP level 7. HP: 60/61 MP: 7/7
  2523 | D:3      | Found a deep blue altar of Sif Muna.
  2635 | D:3      | Reached skill level 5 in Shields
  2831 | D:4      | Noticed Natasha
  2837 | D:4      | Killed Natasha
  2896 | D:4      | Noticed Natasha
  2896 | D:4      | Reached * piety under Beogh
  2897 | D:4      | Killed Natasha
  2937 | D:4      | Noticed Natasha
  2947 | D:4      | Killed Natasha
  2947 | D:4      | Reached skill level 7 in Axes
  3020 | D:4      | Found a hide-covered altar of Uskayaw.
  3206 | D:4      | Noticed Edmund
  3220 | D:4      | Killed Edmund
  3220 | D:4      | Reached XP level 8. HP: 61/70 MP: 8/8
  3395 | D:5      | Entered Level 5 of the Dungeon
  3419 | D:5      | Noticed aTarkinC's ghost (novice TeFE)
  3425 | D:5      | Reached skill level 8 in Axes
  3447 | D:5      | Killed aTarkinC's ghost
  3460 | D:5      | Reached skill level 5 in Armour
  3545 | D:5      | Reached skill level 9 in Axes
  3546 | D:5      | Found an ancient bone altar of Kikubaaqudgha.
  3741 | D:5      | Found a sparkling altar of Nemelex Xobeh.
  3744 | D:5      | Found a burning altar of Makhleb.
  3744 | D:5      | Found a snail-covered altar of Cheibriados.
  4489 | D:5      | Gained mutation: Your muscles are strong. (Str +2) [potion of mutation]
  4489 | D:5      | Gained mutation: You have sharp fingernails. [potion of mutation]
  4489 | D:5      | Gained mutation: You are partially covered in large bone plates. (SH +4) [potion of mutation]
  4490 | D:5      | Gained mutation: You have a pair of small horns on your head. [potion of mutation]
  4490 | D:5      | Lost mutation: You are partially covered in large bone plates. (SH +4) [potion of mutation]
  4490 | D:5      | Gained mutation: Your movements are slightly less encumbered by armour. (ER -2) [potion of mutation]
  4571 | D:6      | Reached skill level 10 in Axes
  4571 | D:6      | Reached XP level 9. HP: 52/78 MP: 9/9
  4621 | D:6      | Reached ** piety under Beogh
  4803 | D:6      | Noticed Eustachio
  4826 | D:6      | Killed Eustachio
  4839 | D:6      | Found a snail-covered altar of Cheibriados.
  5134 | D:6      | Noticed Grinder
  5141 | D:6      | Killed Grinder
  5141 | D:6      | Reached skill level 11 in Axes
  5323 | D:6      | Found a runed door.
  5327 | D:6      | Noticed Crazy Yiuf
  5334 | D:6      | Killed Crazy Yiuf
  5400 | D:7      | Found a staircase to the Ecumenical Temple.
  6202 | D:7      | Reached *** piety under Beogh
  6364 | D:7      | Reached skill level 1 in Maces & Flails
  6364 | D:7      | Reached XP level 10. HP: 86/86 MP: 10/10
  6411 | D:7      | Found a shadowy altar of Dithmenos.
  6452 | D:7      | Found a stormy altar of Qazlal.
  6556 | D:7      | Found a sacrificial altar of Ru.
  6855 | D:8      | Noticed a gargoyle
  6869 | D:8      | Killed a gargoyle
  7104 | D:8      | You fall through a shaft!
  7231 | D:9      | Noticed a two-headed ogre
  7238 | D:9      | Killed a two-headed ogre
  7520 | D:9      | Noticed Erolcha
  7537 | D:9      | Killed Erolcha
  7537 | D:9      | Reached skill level 5 in Maces & Flails
  7537 | D:9      | Reached skill level 1 in Stealth
  7703 | D:9      | Found a shattered altar of Ashenzari.
  7925 | D:10     | Entered Level 10 of the Dungeon
  7925 | D:10     | Noticed 100101001's ghost (novice DsBe)
  7965 | D:10     | Killed 100101001's ghost
  7965 | D:10     | Gained Oruk as an ally
  8292 | D:10     | Found a staircase to the Lair.
  8367 | D:10     | Found a staircase to the Orcish Mines.
  8419 | D:10     | Reached XP level 11. HP: 84/92 MP: 11/11
  8429 | D:10     | Reached **** piety under Beogh
  9329 | D:11     | Found Xecik's Jewellery Shoppe.
  9334 | D:11     | Found Zyow's Antique Weapon Shoppe.
  9376 | D:11     | Your ally Oruk died
  9416 | D:11     | Noticed a green ugly thing
  9434 | D:11     | Killed a green ugly thing
  9454 | D:11     | Noticed a two-headed ogre
  9464 | D:11     | Noticed a two-headed ogre
  9469 | D:11     | Slain by a two-headed ogre

Vault maps used:
D:1:      dpeg_arrival_stone_temple_mockup
D:2:      minmay_wonky_spiral, minmay_pentomino_q4, uniq_sigmund, uniq_robin
D:3:      led_sif_book, serial_glass, glass_columns_b, glass_columns_a,
          minmay_strange_pillars, uniq_iyjb
D:4:      nicolae_overflow_crystal_walls, first_bread, uniq_natasha, uniq_edmund
D:5:      grunt_temple_overflow_open, minmay_misc_feat_columns
D:6:      basic_altar, uniq_eustachio, uniq_crazy_yiuf_cottage, uniq_grinder
D:7:      kennysheep_big_flooded_room, lemuel_doored_altar,
          nicolae_qazlal_eye_of_the_storm, nicolae_ru_path_of_blood
D:8:      lemuel_coloured_pillars_altar
D:9:      cheibrodos_ashenzari_chains, uniq_erolcha
D:10:     minmay_lair_entry_lava, orc_0_dummy
D:11:     serial_shops, kennysheep_mini_moat, nicolae_shop_behind_doors, shop,
          shop_coins

Skill      XL: |  1  2  3  4  5  6  7  8  9 10 11 |
---------------+----------------------------------+-----
Fighting       | 4 5 6 7 |  7.9
Axes           | 3 5 6 7 10 11 | 11.9
Armour         | 4 5 6 7 8 |  8.1
Shields        | 4 5 6 7 8 9 |  9.7
Dodging        | 1 2 |  2.4
Maces & Flails | 1 7 8 |  8.1
Stealth        | 1 |  1.3
Evocations     | |  0.8

Action                   |  1- 3 |  4- 6 |  7- 9 | 10-12 || total
-------------------------+-------+-------+-------+-------++-------
Melee: War axe           |   103 |   153 |   361 |       ||   617
       Headbutt          |       |       |    36 |    73 ||   109
       Mace              |       |       |    41 |   271 ||   312
Invok: Convert to Beogh  |       |     1 |       |       ||     1
       Recall Orcish Fol |       |       |       |     3 ||     3
Evoke: Wand              |       |       |       |     4 ||     4
  Use: Potion            |       |     1 |     6 |     2 ||     9
       Scroll            |       |       |     8 |     5 ||    13
 Stab: Distracted        |       |       |       |     4 ||     4
  Eat: Chunk             |       |     5 |    12 |     8 ||    25
       Beef jerky        |       |       |     2 |       ||     2
       Pizza             |       |       |       |     2 ||     2
Armor: Scale mail        |    40 |    90 |    21 |       ||   151
       Chain mail        |       |       |    14 |       ||    14
       Plate armour      |       |       |   135 |    92 ||   227
Dodge: Dodged            |    33 |    43 |    91 |    53 ||   220
Block: Shield            |    47 |   109 |   228 |   158 ||   542
       Reflection        |       |       |     3 |     5 ||     8
